 Dungeon Crawl Stone Soup version 0.31-a0-835-g2a3a5bc3be (webtiles) character file.

Game seed: 8074364107697613244

200 DocSulfur the Poker (level 5, -2/42 HPs)
             Began as a Vampire Berserker on Sept 25, 2023.
             Was a Believer of Trog.
             Slain by Grinder (9 damage)
             ... while paralysed by Grinder
             ... on level 3 of the Dungeon.
             The game lasted 00:03:57 (2334 turns).

DocSulfur the Poker (Vampire Berserker)             Turns: 2334, Time: 00:03:58

Health: -2/42      AC:  2    Str: 18    XL:     5   Next: 48%
Magic:  5/5        EV:  2    Int:  9    God:    Trog [**....]
Gold:   120        SH:  0    Dex: 20    Spells: 4/4 levels left

rFire   . . .        u - +0 trident
rCold   . . .        (no shield)
rNeg    . . .        b - +0 animal skin
rPois   .            (helmet currently unavailable)
rElec   .            (cloak currently unavailable)
rCorr   .            k - melded +0 pair of gloves
SInv    +            (boots currently unavailable)
Will    .....        (no amulet)
Stlth   ++           e - ring of flight
HPRegen 0.47/turn    h - +6 ring of dexterity
MPRegen 0.09/turn

%: no passive effects
@: paralysed, beast-form, on berserk cooldown, flying, healing quickly, slowed
A: beast (slay +0), alive, fangs 3, see invisible, vampiric 2
a: Exsanguinate, Begin Untransformation, Renounce Religion, Berserk, Trog's Hand


You were on level 3 of the Dungeon.
You worshipped Trog.
Trog was pleased with you.
You were a hulking beast.
You visited 1 branch of the dungeon, and saw 3 of its levels.

You collected 120 gold pieces.

Inventory:

Hand Weapons
 a - a +0 spear
 u - a +0 trident (weapon)
Missiles
 v - 6 poisoned darts
Armour
 b - a +0 animal skin (worn)
 k - a +0 pair of gloves (melded)
Jewellery
 e - a ring of flight (left hand)
 h - a +6 ring of dexterity (right hand)
 t - a +5 ring of evasion
Talismans
 q - a beast talisman (active)
Wands
 s - a wand of iceblast (7)
Scrolls
 d - a scroll of revelation {unknown}
 g - a scroll of identify {unknown}
 j - a scroll of immolation {unknown}
 l - a scroll of amnesia {unknown}
 m - a scroll of blinking {unknown}
 o - a scroll of teleportation {unknown}
 p - a scroll of enchant weapon {unknown}
 r - a scroll of fear {unknown}
Potions
 c - a potion of resistance {unknown}
 f - a potion of invisibility {unknown}
 i - a potion of mutation {unknown}
 n - a potion of enlightenment {unknown}


   Skills:
 + Level 3.9 Fighting
 * Level 4.7 Polearms
 - Level 1.7 Armour
 - Level 2.4 Dodging


You had 4 spell levels left.
You didn't know any spells.
Your spell library was empty.

Dungeon Overview and Level Annotations

Branches:
Dungeon (3/15)

Altars:
Uskayaw

Annotations:
D:3 Grinder


Innate Abilities, Weirdness & Mutations

You are a hulking beast.
Your limbs bulge with bestial killing power. (Slay +0)
Your natural rate of healing is accelerated.
You have razor-sharp teeth.
You have supernaturally acute eyesight. (SInv)
You are afflicted with vampirism and can become a bat while bloodless.


Message History

You feel sick.
You are no longer poisoned.
Okay, then.
You feel the effects of Trog's Hand fading.
You regained 3 hp, and now have 13/42 hp.
You regained 2 hp, and now have 15/42 hp.
Aiming: Iceblast
Press: ? - help, Shift-Dir - straight line, f - Grinder
Aim: Grinder (lightly wounded)
The mass of ice explodes!
The iceblast engulfs Grinder!
Grinder partially resists.
Grinder is heavily wounded.
Grinder gestures at you. You resist with almost no effort.
You regained 2 hp, and now have 17/42 hp.
Aiming: Iceblast
Press: ? - help, Shift-Dir - straight line, f/p - Grinder
Aim: Grinder (moderately wounded)
The mass of ice explodes!
The iceblast engulfs Grinder.
Grinder partially resists.
Grinder is heavily wounded.
You regained 2 hp, and now have 19/42 hp.
Aiming: Iceblast
Press: ? - help, Shift-Dir - straight line, f/p - Grinder
Aim: Grinder (heavily wounded)
The mass of ice explodes!
The iceblast engulfs Grinder.
Grinder partially resists.
Grinder is severely wounded.
Your skin stops crawling.
You feel less strong-willed.
You puncture Grinder! Your bite misses Grinder.
Grinder is almost dead.
Grinder hits you!
* * * LOW HITPOINT WARNING * * *
You writhe in agony.
* * * LOW HITPOINT WARNING * * *
Grinder gestures at you.
You suddenly lose the ability to move!
Grinder hits you!
You die...
Grinder says, "Now the real fun starts!"

.. ... .# #.##.# .# #.##.#
.# #.##.##.## #.##.. ..
#.##.# .#
######.##.##.##.###
#.......†.5h.......
#####..##.##.##.###
#..##...... #..#####.##.#
#.......... .. #.######.##.
.# #5# .# # #+ #.# #.# .#.#
#. #.#
#####.######.##.#.####.##.##


You could see Grinder.

Vanquished Creatures
  An orc priest (D:3)
  Ijyb (D:3)
  Jessica (D:3)
  A gnoll (D:3)
  6 adders
  A worm (D:2)
  5 orcs (D:3)
  4 endoplasms
  3 giant cockroaches
  5 goblins
  4 hobgoblins
  3 quokkas
  6 ball pythons
  3 bats
  A frilled lizard (D:1)
  2 kobolds
  3 rats
50 creatures vanquished.

Notes
Turn   | Place    | Note
-------+----------+-------------------------------------------
     0 | D:1      | DocSulfur the Vampire Berserker began the quest for the
                  | Orb.
     0 | D:1      | Reached XP level 1. HP: 17/17 MP: 1/1
   258 | D:1      | Reached XP level 2. HP: 23/23 MP: 2/2
   499 | D:1      | Reached skill level 3 in Polearms
   825 | D:2      | Gained mutation: You are afflicted with vampirism and can
                  | become a bat while bloodless. [Vampire growth]
   825 | D:2      | Reached XP level 3. HP: 26/29 MP: 3/3
  1332 | D:2      | Reached ** piety under Trog
  1563 | D:3      | Reached XP level 4. HP: 35/35 MP: 4/4
  1564 | D:3      | Noticed Jessica
  1570 | D:3      | Killed Jessica
  1571 | D:3      | Reached skill level 4 in Polearms
  1722 | D:3      | Noticed Ijyb
  1742 | D:3      | Killed Ijyb
  1756 | D:3      | Reached XP level 5. HP: 33/42 MP: 5/5
  1936 | D:3      | Found a hide-covered altar of Uskayaw.
  2308 | D:3      | Noticed Grinder
  2315 | D:3      | Paralysed by Grinder for 3 turns
  2322 | D:3      | Paralysed by Grinder for 2 turns
  2333 | D:3      | Paralysed by Grinder for 5 turns
  2334 | D:3      | Slain by Grinder

Illustrated notes

Levels and vault maps discovered:
D:1:      saegor_arrival_simple_b, layout_basic
D:2:      layout_rooms
D:3:      layout_basic, nicolae_overflow_hidden_temple, kennysheep_boxes,
          uniq_jessica, uniq_ijyb, uniq_grinder

Skill      XL: |  1  2  3  4 |
---------------+-------------+-----
Polearms       | 3 4 |  4.7
Fighting       | 3 |  3.9
Armour         | |  1.7
Dodging        | |  2.4

Action                     |  1- 3 |  4- 6 || total
---------------------------+-------+-------++-------
  Melee: Spear             |    99 |    64 ||   163
         Bite              |     9 |     5 ||    14
         Punch             |     1 |     1 ||     2
         Trident           |       |    11 ||    11
 Invoke: Berserk           |     2 |     4 ||     6
         Trog's Hand       |       |     1 ||     1
  Evoke: Wand              |       |     3 ||     3
   Stab: Sleeping          |     5 |       ||     5
         Distracted        |       |     1 ||     1
 Armour: Animal skin       |    32 |    36 ||    68
  Dodge: Dodged            |    42 |    37 ||    79
   Form: Beast             |       |     1 ||     1

Table legend: (Time is in decaauts)
 A = Elapsed time spent in this place.
 B = Non-inter-level travel time spent in this place.
 C = Inter-level travel time spent in this place.
 D = Time resting spent in this place.
 E = Time spent auto-exploring this place.
 F = Levels seen in this place.
 G = Mean time per level.
                   A        B        C        D        E       F      G
               +--------+--------+--------+--------+--------+-----+--------+
         Total |   2360 |   2301 |     59 |    325 |   1408 |   3 |  786.7 |
       Dungeon |   2360 |   2301 |     59 |    325 |   1408 |   3 |  786.7 |
               +--------+--------+--------+--------+--------+-----+--------+

Top non-repeatable levels by time:
     D:2: 822 daAuts
     D:1: 771 daAuts
     D:3: 766 daAuts
